 Dungeon Crawl Stone Soup version 0.20-a0-2-g2b0e13a (webtiles) character file.

15 varam the Grave Robber (level 2, 0/19 HPs)
             Began as a Demonspawn Necromancer on Oct 28, 2016.
             Slain by a frilled lizard (1 damage)
             ... on level 1 of the Dungeon.
             The game lasted 00:02:09 (730 turns).

varam the Grave Robber (Demonspawn Necromancer)      Turns: 730, Time: 00:02:09

Health: 0/19       AC:  2    Str:  8    XL:     2   Next: 34%
Magic:  0/5        EV: 12    Int: 16    God:
Gold:   48         SH:  0    Dex: 13    Spells: 1 memorised, 4 levels left

rFire  . . .     SeeInvis .     (no weapon)
rCold  . . .     Gourm    .     a - +0 robe
rNeg   . . .     Faith    .     (no shield)
rPois  .         Spirit   +     (no helmet)
rElec  .         Reflect  .     (no cloak)
rCorr  .         Harm     +     (no gloves)
MR     .....                    (no boots)
Stlth  ++........               i - amulet of harm
                                (no ring)
                                (no ring)

@: no status effects
A: magic shield
a: no special abilities


You were on level 1 of the Dungeon.
You were not hungry.

You visited 1 branch of the dungeon, and saw 3 of its levels.

You collected 48 gold pieces.

Inventory:

Armour
 a - a +0 robe (worn)
Jewellery
 i - an amulet of harm (around neck)
Scrolls
 d - a scroll of noise {unknown}
 e - a scroll of identify {unknown}
 j - a scroll of immolation {unknown}
Potions
 g - a potion of might {unknown}
Books
 b - a book of Necromancy

   Spells                             Type                      Level
   a - Pain                           Necromancy                   1
   b - Animate Skeleton               Necromancy                   1
   c - Vampiric Draining              Necromancy                   3
   d - Regeneration                   Charms/Necromancy            3
   e - Animate Dead                   Necromancy                   4
   f - Control Undead                 Necromancy                   4
Comestibles
 c - 2 bread rations
 f - a slice of pizza
 h - a chunk of flesh


   Skills:
 - Level 1.8 Dodging
 - Level 1.9 Stealth
 - Level 2.0 Spellcasting
 + Level 4.9 Necromancy


You had 4 spell levels left.
You knew the following spells:

 Your Spells              Type           Power        Failure   Level  Hunger
a - Pain                  Necr           ###.         3%          1    #......


Dungeon Overview and Level Annotations

Branches:
Dungeon (3/15)

Altars:


Innate Abilities, Weirdness & Mutations

When hurt, damage is shared between your health and your magic reserves.


Message History

A rat and a giant cockroach come into view. 2 jackals and a goblin come into view.
The frilled lizard hisses angrily.
The rat moves out of view.
A rat comes into view.
The goblin shouts!
The jackal barks!
You hear a bark! x2
The frilled lizard bites you.
You see here a scroll labeled GUFYRU FIDUTAU.
The rat bites you.
* * * LOW HITPOINT WARNING * * *
You hit the rat but do no damage. The rat completely misses you.
The frilled lizard closely misses you.
You hit the rat.
The rat is heavily wounded.
The rat misses you. The frilled lizard bites you.
* * * LOW HITPOINT WARNING * * *
You barely miss the rat.
The rat is heavily wounded.
The rat bites you. The frilled lizard bites you.
You die...

###.#### #g# .......# #.#
....##.# #.# .#### # #g#
.#####.# ##.## ........
##...##.. .#####..
#..#...... .#
#...#########rh..#.... .#
#.........r@lg#h#......
.#####...###########...#....
.........## ##.s.[s.
.######...## #.....
.#####.....### .##
......[......# .
..####.......# #.#
#.....#..# #.# #.##..#.....
# ###


You could see a jackal, a goblin, a frilled lizard and 2 rats.

Vanquished Creatures
  A dart slug (D:1)
  A leopard gecko (D:1)
  3 hobgoblins
  5 bats
  2 frilled lizards (D:1)
  A rat (D:3)
13 creatures vanquished.

Notes
Turn   | Place    | Note
-------+----------+-------------------------------------------
     0 | D:1      | varam the Demonspawn Necromancer began the quest for the Orb.
     0 | D:1      | Reached XP level 1. HP: 13/13 MP: 3/3
   552 | D:1      | Gained mutation: When hurt, damage is shared between your health and your magic reserves. [demonic ancestry]
   552 | D:1      | Reached XP level 2. HP: 14/19 MP: 0/5
   729 | D:1      | HP: 1/19 [frilled lizard (2)]
   730 | D:1      | Slain by a frilled lizard

Vault maps used:
D:1:      lemuel_arrival_muddy, st_stairs_14
D:2:      overflow_temple_1_default, nicolae_tso_carved_into_rock,
          grunt_ministairs_1, nemelex_diamond_rough_becter
D:3:      old_standard_altar, xom_teletrap_fun, gammafunk_temple_overflow_wave,
          marbit_many_paths, first_bread

Action                   || total
-------------------------++-------
Melee: Unarmed           ||     9
 Cast: Pain              ||    21
Armor: Robe              ||     2
Dodge: Dodged            ||    20
